 Dungeon Crawl Stone Soup version 0.31-a0-221-gbddc013574 (webtiles) character file.

Game seed: 1808057114426662485

61 qw the Chopper (level 4, -7/28 HPs)
             Began as a Gargoyle Fighter on July 4, 2023.
             Killed from afar by Sigmund (10 damage)
             ... with a puff of flame
             ... on level 2 of the Dungeon.
             The game lasted 00:00:38 (1128 turns).

qw the Chopper (Gargoyle Fighter)                   Turns: 1128, Time: 00:00:39

Health: -7/28      AC: 10    Str: 22    XL:     4   Next: 7%
Magic:  4/4        EV:  9    Int:  8    God:
Gold:   68         SH:  4    Dex:  9    Spells: 3/3 levels left

rFire   . . .        Y - +0 war axe
rCold   . . .        c - +0 buckler
rNeg    + . .        b - +0 scale mail
rPois   inf          (no helmet)
rElec   +            (no cloak)
rCorr   .            (no gloves)
SInv    .            (no boots)
Will    .....        (no amulet) Stlth
                     (no ring)
HPRegen 0.24/turn    (no ring)
MPRegen 0.09/turn

%: no passive effects
@: no status effects
A: sickness immunity, AC +3, negative energy resistance 1, electricity
resistance, torment resistance 1, petrification resistance
a: no special abilities


You were on level 2 of the Dungeon.
You visited 1 branch of the dungeon, and saw 2 of its levels.

You collected 68 gold pieces.


Innate Abilities, Weirdness & Mutations

You are immune to sickness and miasma.
Your stone body is resilient. (AC +3)
You are immune to poison.
You resist negative energy. (rN+)
You are resistant to electric shocks. (rElec)
You are resistant to unholy torment.
You are immune to petrification.


   Skills:
 - Level 3.2 Fighting
 + Level 3.8 Axes
 - Level 3.2 Armour
 - Level 3.2 Shields


You had 3 spell levels left.
You didn't know any spells.
Your spell library was empty.

Inventory:

Hand Weapons
 e - a +0 mace
 Y - a +0 war axe (weapon)
Armour
 b - a +0 scale mail (worn)
 c - a +0 buckler (worn)
Scrolls
 a - a scroll of immolation {unknown}
 f - a scroll of blinking {unknown}
 g - 2 scrolls of identify
Potions
 d - a potion of might
 h - a potion of curing {unknown}

Dungeon Overview and Level Annotations

Branches:
Dungeon (2/15)

Altars:

Shops:
D:1 (

Annotations:
D:2 Sigmund


Message History

Enter note: A jelly comes into view.
Sigmund shouts!
The jelly quivers.
Enter note:
Enter note:
Enter note:
Enter note: Sigmund says, "Don't worry, I'll kill you fast."
Enter note:
Enter note:
Enter note:
Enter note: The hobgoblin hits you but does no damage.
Sigmund hits you from afar with a +0 scythe!
Enter note:
Enter note:
Enter note:
Enter note: You barely miss the hobgoblin.
The hobgoblin closely misses you.
Sigmund hits you from afar with a +0 scythe!
The hobgoblin hits you but does no damage.
You slash the jelly!
Your hands burn!
The jelly is heavily wounded.
You hit the hobgoblin. You block Sigmund's attack.
The hobgoblin hits you but does no damage.
You block the jelly's attack.
You barely miss the jelly.
The jelly is heavily wounded.
You slash the hobgoblin!
You kill the hobgoblin!
The jelly hits you but does no damage.
Sigmund zaps a wand.
The puff of flame misses you.
You hit the jelly.
Your hands burn!
The jelly is almost dead.
The jelly hits you but does no damage.
Sigmund zaps a wand.
The puff of flame hits you!
You die...

..........+
..#.......#
#.......#
#.......##
#........### ##
............##..#
..#...............
................##
.........@...#.#
#.........J..# =.
#..###..@!......
##. ##.......##
........#
#.#......#
#.#####.... ..
....


You could see Sigmund and a jelly.

Vanquished Creatures
  2 adders (D:2)
  3 dart slugs
  A bat (D:1)
  3 endoplasms (D:1)
  A giant cockroach (D:1)
  2 goblins (D:1)
  7 hobgoblins
  2 kobolds (D:1)
  4 quokkas
  4 ball pythons
  3 frilled lizards
  A rat (D:1)
33 creatures vanquished.

Notes
Turn   | Place    | Note
-------+----------+-------------------------------------------
     0 | D:1      | qw the Gargoyle Fighter began the quest for the Orb.
     0 | D:1      | Reached XP level 1. HP: 14/14 MP: 1/1
     0 | D:1      | 0 ||| qw: Version: 0.3-a-41-g9d075ac
     0 | D:1      | 0 ||| qw: Game counter: 742
     0 | D:1      | 0 ||| qw: Melee chars always use a shield: true
     0 | D:1      | 0 ||| qw: God list: Okawaru
     0 | D:1      | 0 ||| qw: Allow faded altars: false
     0 | D:1      | 0 ||| qw: Do Orc after clearing Dungeon:15 true
     0 | D:1      | 0 ||| qw: Do second Lair branch before Depths: true
     0 | D:1      | 0 ||| qw: Lair rune preference: random
     0 | D:1      | 0 ||| qw: Goals: Normal, Zot:1-4, Slime:5, God:TSO, Crypt,
                  | Tomb, Abyss, Pan, Hells, Win
     0 | D:1      | 0 ||| PLANNING D:1-11
   151 | D:1      | Found Ankexeor's Weapon Shop.
   179 | D:1      | Reached XP level 2. HP: 19/19 MP: 2/2
   342 | D:1      | 342 ||| Stepping ~*~*~tactically~*~*~ (stealth).
   362 | D:1      | 362 ||| FLEEEEING.
   363 | D:1      | 363 ||| FLEEEEING.
   364 | D:1      | 364 ||| FLEEEEING.
   365 | D:1      | 365 ||| FLEEEEING.
   496 | D:1      | Reached skill level 3 in Axes
   601 | D:1      | 601 ||| Stepping ~*~*~tactically~*~*~ (stealth).
   602 | D:1      | 602 ||| Stepping ~*~*~tactically~*~*~ (stealth).
   654 | D:1      | Reached XP level 3. HP: 23/23 MP: 3/3
   886 | D:1      | 886 ||| READING scroll labelled LUFEUP HONALUNG.
   887 | D:1      | 887 ||| READING 3 scrolls labelled ZAROPS JUQAI.
   888 | D:1      | 888 ||| READING scroll labelled QAAPSUPP LOGU.
  1087 | D:2      | Reached XP level 4. HP: 26/28 MP: 4/4
  1121 | D:2      | Noticed Sigmund
  1126 | D:2      | HP: 5/28 [acid (3)]
  1128 | D:2      | Killed from afar by Sigmund

Levels and vault maps discovered:
D:1:      minmay_arrival_split_and_join, layout_basic, serial_shops,
          nicolae_shop_bloodbath_and_beyond, nrook_uturn,
          hangedman_feature_mirror, minmay_misc_feat_alley, minivault_26,
          minmay_small_reverse_x
D:2:      cheibrodos_fertilizer, layout_rooms, basic_altar, uniq_sigmund

Skill      XL: |  1  2 |
---------------+-------+-----
Axes           | 2 3 |  3.8
Fighting       | |  3.2
Armour         | |  3.2
Shields        | |  3.2

Action                     |  1- 3 |  4- 6 || total
---------------------------+-------+-------++-------
  Melee: War axe           |    90 |     9 ||    99
    Use: Scroll            |     3 |       ||     3
 Armour: Scale mail        |    50 |     7 ||    57
  Dodge: Dodged            |    32 |     5 ||    37
  Block: Buckler           |    15 |     3 ||    18

Table legend:
 A = Non-vault XP
 B = Vault XP
 C = Vault XP percentage of total XP
 D = Non-vault monster count
 E = Vault monster count
 F = Vault count percentage of total count
                 A         B        C        D         E       F
            +---------+---------+-------+---------+---------+-------
      Total |      76 |      12 |  13.6 |      27 |       6 |  18.2
            +---------+---------+-------+---------+---------+-------
        D:1 |      34 |      12 |  26.1 |      18 |       6 |  25.0
        D:2 |      42 |       0 |   0.0 |       9 |       0 |   0.0
            +---------+---------+-------+---------+---------+-------
